 Dungeon Sprint DCSS version 0.29-a0-1009-g60c99734e7 (webtiles) character file.

Game seed: 1691253485602121913

469 Hubris850 the Basher (level 7, -3/70 HPs)
             Began as an Ogre Monk on Aug 8, 2022.
             Was a Believer of Okawaru.
             Slain by an orc warrior
             ... wielding a +0 trident
              (8 damage)
             ... in the Dungeon (Sprint IX: "|||||||||||||||||||||||||||||").
             The game lasted 00:01:39 (535 turns).

Hubris850 the Basher (Ogre Monk)                     Turns: 535, Time: 00:01:40

Health: -3/70      AC:  3    Str: 18    XL:     7   Next: 9%
Magic:  4/7        EV: 10    Int: 14    God:    Okawaru [**....]
Gold:   0          SH:  0    Dex: 14    Spells: 6/6 levels left

rFire   . . .      SeeInvis .   e - +0 giant spiked club
rCold   . . .      Faith    .   (shield currently unavailable)
rNeg    . . .      Spirit   .   b - +0 robe
rPois   .          Reflect  .   (helmet restricted)
rElec   .          Harm     .   (no cloak)
rCorr   .          Rampage  .   (gloves unavailable)
Will    .....      NoTele   +   (boots unavailable)
Stlth   ++........              (no amulet)
HPRegen 0.21/turn               n - +3 ring of dexterity
MPRegen 0.10/turn               o - +3 ring of intelligence

@: no status effects
A: large, unfitting armour, tough skin 1
a: Renounce Religion, Heroism


You were in the Dungeon.
You worshipped Okawaru.
Okawaru was pleased with you.
You visited 1 branch

Inventory:

Hand Weapons
 a - a +0 mace
 e - a +0 giant spiked club (weapon)
 m - a +2 scimitar of flaming
Armour
 b - a +0 robe (worn)
Jewellery
 n - a +3 ring of dexterity (left hand)
 o - a +3 ring of intelligence (right hand)
Wands
 l - a wand of roots (10)
Scrolls
 i - 2 scrolls of blinking
 k - 2 scrolls of amnesia
Potions
 c - a potion of ambrosia
 d - 5 potions of curing
 f - a potion of haste
 g - 4 potions of magic
 h - a potion of invisibility
 j - a potion of heal wounds


   Skills:
 - Level 4.0 Fighting
 + Level 13.6 Maces & Flails
 - Level 2.6 Dodging
 - Level 1.4 Stealth


You had 6 spell levels left.
You didn't know any spells.
Your spell library was empty.

Dungeon Overview and Level Annotations

Branches:
Dungeon (1/1)

Altars:
Cheibriados
Dithmenos
Elyvilon
Fedhas
Gozag
Hepliaklqana
Kikubaaqudgha
Makhleb
Nemelex Xobeh
Okawaru
Qazlal
Ru
Sif Muna
Trog
Uskayaw
Vehumet
Wu Jian
Xom
Yredelemnul
Zin
The Shining One
Jiyva
Lugonu


Innate Abilities, Weirdness & Mutations

You are too large for most types of armour.
You have tough skin. (AC +1)


Message History

Okawaru is honoured by your kill.
The kobold demonologist gestures wildly while chanting.
Your base Maces & Flails skill increases to level 12!
You have reached level 6!
You feel stronger.
You hit the yak.
The yak is lightly wounded.
The yak barely misses you. The orc warrior barely misses you.
You puncture the yak!
The yak is heavily wounded.
You feel like a meek peon again. The yak gores you!
* * * LOW HITPOINT WARNING * * *
The orc warrior hits you from afar with a +0 trident.
* * * LOW HITPOINT WARNING * * *
You skewer the yak like a kebab!!!
You kill the yak!
Okawaru is honoured by your kill.
The orc warrior hits you from afar with a +0 trident!
* * * LOW HITPOINT WARNING * * *
Your Maces & Flails skill increases to level 13!
You have reached level 7!
Your movement speed is average.
Your attack delay is about 1.1.
Your base attributes are Str 18, Int 11, Dex 11.
Unknown command.
You feel much better.
The orc warrior hits you from afar with a +0 trident!
* * * LOW HITPOINT WARNING * * *
The kobold demonologist begins to cast a cantrip, but forgets the words!
The orc warrior hits you with a +0 trident!
* * * LOW HITPOINT WARNING * * *
You see here a yak corpse.
You puncture the orc warrior!
The orc warrior is heavily wounded.
The orc warrior hits you with a +0 trident.
* * * LOW HITPOINT WARNING * * *
You barely miss the orc warrior.
The orc warrior is heavily wounded.
The orc warrior hits you with a +0 trident!
You die... ▓▓▓▓▓▓▓▓▓▓▓▓▓▓▓▓▓▓▓▓▓▓▓ _____'..).[[[..'@oKyY.+ ▓▓▓▓▓▓▓▓▓▓▓▓▓▓▓▓▓▓▓▓▓▓▓

You could see a kobold demonologist, a yak, an orc warrior and a killer bee.

Vanquished Creatures
  A yak (D)
  A vampire mosquito (D)
  An ogre (D)
  A necrophage (D)
  A jelly (D)
  An iguana (D)
  An adder (D)
  An endoplasm (D)
  A giant cockroach (D)
  A goblin (D)
  A hobgoblin (D)
  A kobold (D)
12 creatures vanquished.

Notes
Turn   | Place    | Note
-------+----------+-------------------------------------------
     0 | D        | Hubris850 the Ogre Monk began the quest for the Orb.
     0 | D        | Reached XP level 1. HP: 24/24 MP: 1/1
     6 | D        | Reached skill level 3 in Maces & Flails
    19 | D        | Reached skill level 4 in Maces & Flails
   172 | D        | Noticed a necrophage
   172 | D        | Noticed an ogre
   172 | D        | Noticed an iguana
   172 | D        | Noticed a jelly
   181 | D        | Killed a necrophage
   182 | D        | Reached skill level 7 in Maces & Flails
   182 | D        | Reached XP level 2. HP: 32/32 MP: 2/2
   182 | D        | Reached XP level 3. HP: 39/39 MP: 3/3
   182 | D        | Reached XP level 4. HP: 48/48 MP: 4/4
   186 | D        | Killed an ogre
   187 | D        | Reached skill level 9 in Maces & Flails
   187 | D        | Reached XP level 5. HP: 25/54 MP: 5/5
   191 | D        | Reached skill level 10 in Maces & Flails
   193 | D        | Reached skill level 11 in Maces & Flails
   473 | D        | Found a snail-covered altar of Cheibriados.
   473 | D        | Found a shadowy altar of Dithmenos.
   473 | D        | Found a white marble altar of Elyvilon.
   473 | D        | Found a blossoming altar of Fedhas.
   473 | D        | Found an opulent altar of Gozag.
   474 | D        | Found a hazy altar of Hepliaklqana.
   475 | D        | Found a viscous altar of Jiyva.
   476 | D        | Found an ancient bone altar of Kikubaaqudgha.
   477 | D        | Found a corrupted altar of Lugonu.
   478 | D        | Found a burning altar of Makhleb.
   479 | D        | Found a sparkling altar of Nemelex Xobeh.
   480 | D        | Found an iron altar of Okawaru.
   481 | D        | Found a stormy altar of Qazlal.
   482 | D        | Found a sacrificial altar of Ru.
   483 | D        | Found a shimmering blue altar of Sif Muna.
   484 | D        | Found a bloodstained altar of Trog.
   485 | D        | Found a hide-covered altar of Uskayaw.
   486 | D        | Found a radiant altar of Vehumet.
   487 | D        | Found an ornate altar of the Wu Jian Council.
   488 | D        | Became a worshipper of Warmaster Okawaru
   488 | D        | Reached * piety under Okawaru
   488 | D        | Reached ** piety under Okawaru
   489 | D        | Found a shimmering altar of Xom.
   490 | D        | Found a basalt altar of Yredelemnul.
   491 | D        | Found a glowing silver altar of Zin.
   492 | D        | Found a glowing golden altar of the Shining One.
   519 | D        | Noticed a vampire mosquito
   519 | D        | Noticed a yak
   519 | D        | Noticed an orc warrior
   519 | D        | Noticed a kobold demonologist
   519 | D        | Noticed a yak
   528 | D        | Killed a vampire mosquito
   529 | D        | Reached skill level 12 in Maces & Flails
   529 | D        | Reached XP level 6. HP: 23/62 MP: 3/6
   531 | D        | Killed a yak
   531 | D        | HP: 1/62 [orc warrior/+0 trident (10)]
   532 | D        | Reached skill level 13 in Maces & Flails
   532 | D        | Reached XP level 7. HP: 1/70 MP: 4/7
   535 | D        | Slain by an orc warrior

Illustrated notes

Levels and vault maps discovered:
D:        linesprint [early_d, line_temple, items_1, d_10, items_2, lair_1,
          lair_end, items_3, orc_1, orc_end, items_4, d_15, swamp_1, shoals_1,
          snake_1, spider_1, d_20, vaults_1, items_5, swamp_end, shoals_end,
          snake_end, spider_end, vaults_end, d_27, items_6, zot_1, zot_end,
          crypt_end, forest_end, elf_end, slime_end, tomb_end, abyss_end,
          pan_hell_end]

Skill      XL: |  1  2  3  4  5  6 |
---------------+-------------------+-----
Maces & Flails | 7 9 12 13 | 13.6
Fighting       | |  4.0
Dodging        | |  2.6
Stealth        | |  1.4

Action                   |  1- 3 |  4- 6 |  7- 9 || total
-------------------------+-------+-------+-------++-------
Melee: Mace              |    24 |    19 |       ||    43
       Giant spiked club |       |    10 |     2 ||    12
Invok: Heroism           |       |     1 |       ||     1
  Use: Potion            |     1 |     1 |     1 ||     3
Armor: Robe              |     4 |     5 |       ||     9
Dodge: Dodged            |    10 |    18 |       ||    28

Table legend: (Time is in decaauts)
 A = Elapsed time spent in this place.
 B = Non-inter-level travel time spent in this place.
 C = Inter-level travel time spent in this place.
 D = Time resting spent in this place.
 E = Time spent auto-exploring this place.
 F = Levels seen in this place.
 G = Mean time per level.
                   A        B        C        D        E       F      G
               +--------+--------+--------+--------+--------+-----+--------+
         Total |    543 |    543 |      0 |    415 |      0 |   1 |  543.0 |
       Dungeon |    543 |    543 |      0 |    415 |      0 |   1 |  543.0 |
               +--------+--------+--------+--------+--------+-----+--------+

Top non-repeatable levels by time:
       D: 543 daAuts
